 Dungeon Crawl Stone Soup version 0.17-a0-1510-gb3fb22e (webtiles) character file.

68343 namelastname112 the Covert (level 14, -11/113 HPs)
             Began as a Mottled Draconian Skald on July 10, 2015.
             Was an Initiate of Gozag.
             Mangled by an orc warrior
             ... wielding a +0 short sword
              (12 damage)
             ... while paralysed by an orc sorcerer
             ... on level 3 of the Orcish Mines on July 11, 2015.
             The game lasted 01:40:55 (35289 turns).

namelastname112 the Covert (DrSk)                  Turns: 35289, Time: 01:40:58

Health: -11/113    AC: 17    Str: 19    XL:     14   Next: 86%
Magic:  25/25      EV:  2    Int: 10    God:    Gozag
Gold:   6311       SH:  0    Dex: 19    Spells: 3 memorised, 24 levels left

rFire  . . .     SeeInvis .     r - +1 dagger (drain)
rCold  + . .     Clarity  .     (armour unavailable)
rNeg   . . .     SustAt   .     (no shield)
rPois  .         Gourm    .     H - +2 hat
rElec  .         Spirit   .     q - +2 cloak {+Inv}
rCorr  .         Warding  .     i - +2 pair of gloves {Dex+3}
rMut   .         Stasis   .     p - +0 pair of boots {run}
MR     +....                    (no amulet)
Stlth  +++++++...               j - ring of stealth
                                m - ring of Yrropy Wate {rC+ Str+4 Stlth+}

@: paralysed, short of breath, very slightly contaminated, drained, invisible,
quick, somewhat resistant to hostile enchantments, extremely stealthy
A: breathe sticky flame splash, unfitting armour, dopey 1, low mp 1,
cold-blooded, AC +8
a: Breathe Sticky Flame, Potion Petition, Call Merchant, Bribe Branch, Renounce
Religion, Turn Visible


You were on level 3 of the Orcish Mines.
You worshipped Gozag.
Gozag was noncommittal.
You were very full.

You visited 4 branches of the dungeon, and saw 24 of its levels.
You also visited: Labyrinth, Ossuary and Volcano.

You collected 9109 gold pieces.
You spent 1039 gold pieces at shops.
You paid 1759 gold pieces to Gozag.

Inventory:

Hand weapons
 r - a +1 dagger of draining (weapon)
 T - the +2 dagger "Kuete" {flame, +Inv Int+3 SInv}
   (You found it on level 10 of the Dungeon)

   It has been specially enchanted to burn those struck by it, causing extra
   injury to most foes and up to half again as much damage against particularly
   susceptible opponents.
   It affects your intelligence (+3).
   It lets you see invisible.
   It lets you turn invisible.
 U - a +0 blowgun
Missiles
 b - 4 curare-tipped needles
 V - 29 poisoned needles
Armour
 f - the +1 hat of Amorality {rPois rF- rC+ Int+4 Dex+4}
   (You bought it in a shop on level 1 of the Orcish Mines)

   It affects your intelligence (+4).
   It affects your dexterity (+4).
   It makes you vulnerable to fire.
   It protects you from cold.
   It protects you from poison.
 i - a +2 pair of gloves of dexterity (worn)
 p - a +0 pair of boots of running (worn)
 q - a +2 cloak of invisibility (worn)
 H - a +2 hat (worn)
Rods
 D - a +1 rod of ignition (16/16)
   (You found it on level 5 of the Dungeon)
Jewellery
 j - a ring of stealth (right hand)
 m - the ring of Yrropy Wate (left hand) {rC+ Str+4 Stlth+}
   (You found it in a labyrinth)

   [ring of stealth]

   It affects your strength (+4).
   It protects you from cold.
   It makes you more stealthy.
Magical devices
 g - a wand of fireball (7)
 l - a wand of teleportation (3)
 s - a wand of heal wounds (2)
 t - a wand of draining (10)
 I - a wand of disintegration (2)
 M - a wand of cold (1)
Scrolls
 a - 2 scrolls of fog
 h - 10 scrolls of remove curse
 v - 3 scrolls of magic mapping
 x - 2 scrolls of vulnerability
 y - 6 scrolls of identify
 z - 2 scrolls of teleportation
 N - 3 scrolls of recharging
Potions
 d - a potion of curing
 e - 5 potions of might
 k - 5 potions of brilliance
 n - 2 potions of resistance
 o - 6 potions of lignification
 B - 5 potions of flight
 E - 2 potions of invisibility
 O - 4 potions of agility
 P - 2 potions of ambrosia
 R - 2 potions of berserk rage
 W - a potion of haste
Books
 u - a book of Necromancy

   Spells                             Type                      Level
   a - Pain                           Necromancy                   1
   b - Animate Skeleton               Necromancy                   1
   c - Vampiric Draining              Necromancy                   3
   d - Regeneration                   Charms/Necromancy            3
   e - Animate Dead                   Necromancy                   4
   f - Control Undead                 Necromancy                   4
Miscellaneous
 Y - 2 phantom mirrors
Comestibles
 c - 8 bread rations


   Skills:
 + Level 7.4(6.7) Fighting
 - Level 12.0(11.2) Short Blades
 - Level 3.0(2.4) Maces & Flails
 + Level 5.9(5.2) Dodging
 * Level 13.4(12.6) Stealth
 * Level 10.4(9.6) Spellcasting
 * Level 10.2(9.4) Hexes
 - Level 2.6(2.0) Charms
 - Level 7.5(6.7) Evocations


You had 24 spell levels left.
You knew the following spells:

 Your Spells              Type           Power        Failure   Level  Hunger
a - Regeneration          Chrm/Necr      #.........   34%         3    ##.....
b - Spectral Weapon       Hex/Chrm       ###.....     4%          3    ##.....
x - Confuse               Hex            ###.....     1%          3    ##.....


Dungeon Overview and Level Annotations

Branches:
Dungeon (11/15)            Temple (1/1) D:7            Lair (8/8) D:8
  Snake (0/4) Lair:6        Slime (0/6) Lair:7          Orc (4/4) D:10
    Elf (0/3) Orc:3
  Swamp: Lair:3-6    Shoals: Lair:3-6

Altars:
Cheibriados
Dithmenos
Elyvilon
Fedhas
Gozag
Makhleb
Okawaru
Ru
Sif Muna
Trog
Vehumet
Xom
The Shining One
Beogh

Shops:
D:4 }}(   D:8 [   D:9 =   D:12 [   Orc:1 }[[   Orc:4 *

Annotations:
D:4 1 exclusion
Lair:4 1 exclusion
Lair:8 exclusion: oklob plant


Innate Abilities, Weirdness & Mutations

You can spit globs of burning liquid.
You can ignite nearby creatures when you spit burning liquid.
Your weird mottled scales are hard (AC +8).
Your body does not fit into most forms of armour.
You are cold-blooded and may be slowed by cold attacks.
You are dopey. (Int -2)
Your magical capacity is low (-10% MP).


Message History

The orc warrior hits you with a dire flail of protection.
* * * LOW HITPOINT WARNING * * *
The ice devil hits you but does no damage.
The orc warrior hits you with a short sword!
* * * LOW HITPOINT WARNING * * *
The orc warrior hits you with a short sword!
* * * LOW HITPOINT WARNING * * *
The orc sorcerer hits you with a dagger.
* * * LOW HITPOINT WARNING * * *
The neqoxec gestures at the orc sorcerer.
Strange energies course through your body.
You feel less energetic. The goblin hits you but does no damage.
The orc warrior burns!
The ice devil hits you but does no damage.
The orc warrior hits you with a dire flail of protection!
* * * LOW HITPOINT WARNING * * *
The orc warrior hits you with a short sword!
You die...
Your body crumbles into a pile of gold.

##.....[[[..>.###
........>[....# #######
..........<#..# #.....#
#..........#### ##.....##
# ##.........# #..)....###
# #.#........#
###........## ###
#.##....#.##
####...........###..
###.#...###
#.#o3o.).....)###..< #
###...#
###.o@g..[.......##... #
##.##
#...3oo...........#... #
###
##..................... #
###..........##....).....
#
##.........#.###...)......
#...#......### ###........
##..##.......####.........
##.#.........#...........
###.....................


You could see an ice devil, a neqoxec, an orc sorcerer, 3 orc warriors, an orc
(frenzied) and a goblin.

Vanquished Creatures
  2 dire elephants (Lair:8)
  A minotaur (Lab)
  7 hydras
  An anaconda (Lair:8)
  A catoblepas (Lair:7)
  13 death yaks
  2 unseen horrors (D:10)
  The ghost of FooOfBar the Gouger, an experienced FeIE of Makhleb (Lair:1)
  3 griffons
  An orc sorcerer (Orc:1)
  2 manticores (Lair:7)
  15 spiny frogs
  12 elephants
  4 gargoyles (Volcano)
  3 black mambas
  7 komodo dragons
  4 fire drakes
  A redback zombie (D:11)
  5 trolls
  A polar bear (Lair:8)
  Grinder (D:6)
  A two-headed ogre (D:10)
  16 blink frogs
  Sigmund (D:6)
  A spriggan (Lair:5)
  A vampire (D:10)
  A deep elf mage (D:11)
  3 basilisks
  Eustachio (D:4)
  7 wyverns
  A hungry ghost (D:7)
  52 yaks
  A steam dragon (D:9)
  16 hippogriffs
  11 wolves
  Menkaure (D:6)
  5 nagas
  Edmund (D:5)
  2 hell hounds (Lair:7)
  26 water moccasins
  Duvessa (D:7)
  15 porcupines
  3 wandering mushrooms
  3 ice beasts
  13 orc warriors
  5 ogres
  2 phantoms
  9 centaurs
  3 big kobolds
  18 crocodiles
  Blork the orc (D:5)
  14 giant frogs
  Dowan (D:7)
  A wyvern zombie (D:7)
  5 scorpions
  5 wights (D:11)
  11 killer bees
  A crimson imp (D:9)
  5 hounds
  2 jellies
  2 giant frog zombies
  25 orc priests
  12 iguanas
  Crazy Yiuf (D:5)
  5 hell rats (Lair:5)
  Natasha (twice) (D:2)
  44 orc wizards
  7 worker ants
  28 sheep
  A big kobold zombie (Ossuary)
  2 hound zombies
  A hound skeleton (D:4)
  8 mummies (Ossuary)
  A worker ant zombie (D:9)
  5 gnolls (D:7)
  13 adders
  71 river rats
  3 shadow imps
  A worm zombie (D:7)
  An adder zombie (D:9)
  2 worms (D:2)
  3 adder skeletons
  8 giant geckos
  180 orcs
  2 ball pythons (D:4)
  7 giant cockroaches
  2 gnoll zombies (Ossuary)
  23 goblins
  16 hobgoblins
  6 jackals
  26 kobolds
  12 bats
  A giant newt (D:3)
  4 hobgoblin zombies (Ossuary)
  An orc zombie (Ossuary)
  3 quokkas
  A quokka skeleton (D:8)
  25 rats
  4 plants (Lair:8)
912 creatures vanquished.

Vanquished Creatures (others)
  An orc (D:9)
  A kobold (D:10)
  2 bushes (Lair:7)
  85 fungi
  54 plants
  4 spectral weapons
  13 toadstools (Lair:8)
160 creatures vanquished.

Grand Total: 1072 creatures vanquished

Notes
Turn   | Place    | Note
--------------------------------------------------------------
     0 | D:1      | namelastname112 the Draconian Skald began the quest for the Orb.
     0 | D:1      | Reached XP level 1. HP: 17/17 MP: 3/3
   364 | D:1      | Reached XP level 2. HP: 15/25 MP: 5/5
  1380 | D:2      | Noticed Natasha
  1557 | D:2      | Killed Natasha
  1557 | D:2      | Reached XP level 3. HP: 25/30 MP: 6/6
  1558 | D:2      | Reached skill level 3 in Maces & Flails
  1697 | D:2      | Noticed Natasha
  1711 | D:2      | Killed Natasha
  1805 | D:3      | Reached XP level 4. HP: 35/37 MP: 7/7
  1995 | D:3      | Found a glowing golden altar of the Shining One.
  2175 | D:3      | Reached skill level 1 in Stealth
  2282 | D:3      | Reached skill level 1 in Short Blades
  2638 | D:3      | Learned a level 3 spell: Spectral Weapon
  2662 | D:4      | Reached XP level 5. HP: 35/45 MP: 8/8
  2710 | D:4      | Noticed Eustachio
  2766 | D:4      | Killed Eustachio
  2766 | D:4      | Reached XP level 6. HP: 35/52 MP: 9/9
  2928 | D:4      | Found Zoetid's Gadget Shop.
  3205 | D:4      | Noticed a phantom
  3281 | D:4      | Killed a phantom
  3281 | D:4      | Reached skill level 4 in Fighting
  3498 | D:4      | Your scales start taking on a weird mottled colour.
  3498 | D:4      | Reached XP level 7. HP: 59/59 MP: 10/10
  3798 | D:4      | Found Paemmi's Weapon Emporium.
  3883 | D:4      | Found Vismukky's Gadget Shoppe.
  4126 | D:4      | Upgraded the game from 0.17-a0-1508-ge7f3dc3 to 0.17-a0-1510-gb3fb22e
  4175 | D:5      | Entered Level 5 of the Dungeon
  4285 | D:5      | Noticed Crazy Yiuf
  4297 | D:5      | Killed Crazy Yiuf
  4544 | D:5      | Noticed Edmund
  4559 | D:5      | Killed Edmund
  4559 | D:5      | Reached skill level 1 in Evocations
  4559 | D:5      | Reached XP level 8. HP: 65/67 MP: 11/11
  4656 | D:5      | Learned a level 3 spell: Confuse
  4736 | D:5      | Identified a +0 rod of ignition (14/14) (You found it on level 5 of the Dungeon)
  4778 | D:5      | Noticed Blork the orc
  4796 | D:5      | Killed Blork the orc
  4974 | D:6      | Reached skill level 5 in Short Blades
  5050 | D:6      | Reached skill level 5 in Stealth
  5252 | D:6      | Noticed Sigmund
  5330 | D:6      | Killed Sigmund
  5550 | D:6      | Noticed Menkaure
  5553 | D:6      | Killed Menkaure
  5553 | D:6      | Reached skill level 6 in Short Blades
  5582 | D:6      | Found a shadowy altar of Dithmenos.
  5594 | D:6      | Noticed Grinder
  5596 | D:6      | Killed Grinder
  5777 | D:7      | Reached XP level 9. HP: 65/72 MP: 12/12
  5867 | D:7      | Found a sand-covered staircase.
  5871 | D:7      | Noticed Duvessa
  5886 | D:7      | Noticed Dowan
  5906 | D:7      | Killed Duvessa
  5906 | D:7      | Killed Dowan
  5927 | Ossuary  | Entered an ossuary
  6670 | D:7      | Found a staircase to the Ecumenical Temple.
  6676 | Temple   | Entered the Ecumenical Temple
  6710 | Temple   | Became a worshipper of Gozag Ym Sagoz the Greedy
  6792 | D:7      | Reached skill level 7 in Short Blades
  6792 | D:7      | Reached skill level 5 in Evocations
  8714 | D:8      | Reached skill level 8 in Short Blades
  8733 | D:8      | Reached XP level 10. HP: 53/80 MP: 14/14
  8738 | D:8      | Found a white marble altar of Elyvilon.
  8881 | D:8      | Found a shadowy altar of Dithmenos.
  9031 | D:8      | Found a staircase to the Lair.
  9349 | D:8      | Found Togg's Antique Armour Boutique.
  9789 | D:9      | Found Ponouxo's Jewellery Shoppe.
 10894 | D:9      | Reached skill level 9 in Short Blades
 10997 | D:9      | Reached skill level 1 in Hexes
 11586 | D:10     | Entered Level 10 of the Dungeon
 11613 | D:10     | Got a transparent dagger
 11614 | D:10     | Identified the +2 dagger "Kuete" {flame, +Inv Int+3 SInv} (You found it on level 10 of the Dungeon)
 11897 | D:10     | Found an iron altar of Okawaru.
 11916 | D:10     | Reached XP level 11. HP: 81/85 MP: 14/16
 12119 | D:10     | Found a staircase to the Orcish Mines.
 12571 | D:10     | Noticed an unseen horror
 12573 | D:10     | Killed an unseen horror
 12617 | D:10     | Noticed an unseen horror
 12640 | D:10     | Killed an unseen horror
 12916 | Lair:1   | Entered Level 1 of the Lair of Beasts
 12944 | Lair:1   | Reached skill level 10 in Short Blades
 12965 | Lair:1   | Found a labyrinth entrance.
 12979 | Lab      | Entered a labyrinth
 13249 | Lab      | Identified a scroll of acquirement
 14201 | Lab      | Noticed a minotaur
 14203 | Lab      | Killed a minotaur
 14205 | Lab      | Got a sparkling amber ring
 14209 | Lair:1   | Identified the ring of Yrropy Wate {rC+ Str+4 Stlth+} (You found it in a labyrinth)
 14440 | Lair:1   | Noticed FooOfBar's ghost (experienced FeIE)
 14453 | Lair:1   | Killed FooOfBar's ghost
 14630 | Lair:1   | Reached skill level 5 in Spellcasting
 14930 | Lair:2   | Reached skill level 10 in Stealth
 15527 | Lair:2   | Reached skill level 5 in Hexes
 16323 | Lair:2   | Reached XP level 12. HP: 87/92 MP: 13/20
 18836 | Lair:4   | Reached skill level 11 in Short Blades
 18879 | Lair:4   | Found a dark tunnel.
 18888 | Volcano  | Entered a volcano
 19175 | Lair:4   | Noticed a seven-headed hydra
 19188 | Lair:4   | Killed a seven-headed hydra
 19528 | Lair:4   | Learned a level 3 spell: Regeneration
 20674 | Lair:5   | Noticed a seven-headed hydra
 20694 | Lair:5   | Killed a seven-headed hydra
 21077 | Lair:5   | Reached XP level 13. HP: 20/99 MP: 21/24
 21868 | Lair:5   | Noticed a five-headed hydra
 21883 | Lair:5   | Killed a five-headed hydra
 22141 | Lair:5   | Found a staircase to the Snake Pit.
 23902 | Lair:5   | Reached skill level 12 in Short Blades
 24247 | Lair:6   | Found a staircase to the Snake Pit.
 24767 | Lair:6   | Reached skill level 5 in Fighting
 25694 | Lair:7   | Found a staircase to the Slime Pits.
 26857 | Lair:7   | Reached XP level 14. HP: 57/108 MP: 27/27
 28185 | Lair:7   | Reached skill level 5 in Dodging
 28279 | Lair:8   | Entered Level 8 of the Lair of Beasts
 28778 | Lair:8   | Reached skill level 13 in Stealth
 29197 | Lair:8   | Reached skill level 10 in Spellcasting
 29701 | Lair:8   | Gained mutation: You are weak. (Str -2) [potion of mutation]
 29701 | Lair:8   | Gained mutation: You have a pair of small antennae on your head. [potion of mutation]
 29701 | Lair:8   | Lost mutation: You are weak. (Str -2) [potion of mutation]
 29702 | Lair:8   | Gained mutation: You tend to lose your temper in combat. [potion of mutation]
 29702 | Lair:8   | Gained mutation: Your muscles are strong. (Str +2) [potion of mutation]
 29702 | Lair:8   | Lost mutation: Your muscles are strong. (Str +2) [potion of mutation]
 29703 | Lair:8   | Gained mutation: You are frail (-10% HP). [potion of mutation]
 29703 | Lair:8   | Gained mutation: You have a beak for a mouth. [potion of mutation]
 29703 | Lair:8   | Gained mutation: Your spells are a little easier to cast, but a little less powerful. [potion of mutation]
 29704 | Lair:8   | Lost mutation: You are frail (-10% HP). [potion of cure mutation]
 29704 | Lair:8   | Lost mutation: You tend to lose your temper in combat. [potion of cure mutation]
 29704 | Lair:8   | Lost mutation: You have a beak for a mouth. [potion of cure mutation]
 29704 | Lair:8   | Lost mutation: You have a pair of small antennae on your head. [potion of cure mutation]
 29704 | Lair:8   | Lost mutation: Your spells are a little easier to cast, but a little less powerful. [potion of cure mutation]
 29788 | Lair:8   | Found a blossoming altar of Fedhas.
 30470 | Lair:8   | Reached skill level 10 in Hexes
 30574 | Lair:8   | Gained mutation: You are dopey. (Int -2) [mutagenic glow]
 31313 | Orc:1    | Entered Level 1 of the Orcish Mines
 31417 | Orc:1    | Found Ymukk's Antique Armour Shop.
 31861 | Orc:1    | Bought a scorched hat for 234 gold pieces
 31906 | Orc:1    | Identified the +1 hat of Amorality {rPois rF- rC+ Int+4 Dex+4} (You bought it in a shop on level 1 of the Orcish Mines)
 32161 | Orc:1    | Found a roughly hewn altar of Beogh.
 32219 | Orc:1    | Found Cume's Gadget Shoppe.
 32244 | Orc:1    | Found Hadaqiog's Armour Boutique.
 32271 | Orc:1    | Bought a +0 pair of boots of running for 409 gold pieces
 32294 | Orc:1    | Bought a wand of heal wounds (2) for 396 gold pieces
 33771 | Orc:3    | Found a staircase to the Elven Halls.
 34355 | Orc:4    | Entered Level 4 of the Orcish Mines
 34355 | Orc:4    | Found Esash's General Store.
 34355 | Orc:4    | Noticed an orc warlord
 35287 | Orc:3    | Paralysed by an orc sorcerer for 6 turns
 35288 | Orc:3    | Gained mutation: Your magical capacity is low (-10% MP). [a neqoxec]
 35289 | Orc:3    | HP: 1/113 [orc warrior/dire flail of protection (14)]
 35289 | Orc:3    | Mangled by an orc warrior

Vault maps used:
D:1:      scummos_arrival_gate, serial_glass, glass_columns_a, glass_columns_c,
          kennysheep_pointless_box
D:2:      first_bread, uniq_natasha
D:3:      lemuel_round_altar, hangedman_decor_clover_reticule
D:4:      kennysheep_the_goblin_king, serial_shops, shop_statue, shop,
          kennysheep_little_box, uniq_eustachio
D:5:      uniq_blork_the_orc, uniq_crazy_yiuf_cottage, uniq_edmund
D:6:      nicolae_dithmenos_through_a_glass_darkly, uniq_sigmund, uniq_grinder,
          uniq_menkaure
D:7:      hangedman_cross_stitches, minmay_temple_entry_enclosed_plants,
          enter_ossuary_3, uniq_duvessa
D:8:      minitemple, dpeg_oklobed_lair, serial_shops,
          nicolae_shop_overgrown_old_shop, blue_anna_alchemist
D:10:     minmay_wavy_crystal, orc_0_dummy, basic_altar
D:11:     uniq_fannar
Temple:   nicolae_temple_elliptical
Lair:1:   lab_entry_generic
Lair:2:   grunt_megastairs_2
Lair:3:   nicolae_quartered_pool_super
Lair:4:   minmay_shoals_entry_hut, enter_volcano_1
Lair:5:   kennysheep_abandoned_house, minmay_snake_entry_guardpost_small,
          grunt_forest_large_clearing_hut
Lair:6:   guppyfry_snake_entry_garden, st_stairs_3, cheibrodos_lair_reptile_den
Lair:7:   slime_dummy, special_room
Lair:8:   due_jungle_book, minmay_stone_trees_small, st_stairs_7, tgw_fedhas,
          grunt_megastairs_3, infiniplex_staircase_pool_2
Orc:1:    serial_shops, nicolae_shop_crystal, nicolae_shop_waterfront, shop,
          basic_altar, mines4_lemuel
Orc:3:    nicolae_orc_pool_cavern, mines2_lemuel
Orc:4:    grunt_orc_gardens, grunt_orc_garden, grunt_orc_garden,
          grunt_orc_garden, grunt_orc_garden, mines1_david
Lab:      nicolae_lab_diamond
Ossuary:  ossuary_tomb_3
Volcano:  volcano_aerie

Action                   |  1- 3 |  4- 6 |  7- 9 | 10-12 | 13-15 || total
-------------------------+-------+-------+-------+-------+-------++-------
Melee: Mace              |    70 |       |       |       |       ||    70
       Unarmed           |     7 |       |       |       |       ||     7
       Dagger            |    18 |   209 |   607 |  1468 |  2534 ||  4836
 Cast: Confuse           |       |       |       |    30 |    52 ||    82
       Spectral Weapon   |       |       |       |     5 |     2 ||     7
Invok: Call Merchant     |       |       |       |     2 |       ||     2
 Abil: Breathe Sticky Fl |       |       |    11 |     8 |     4 ||    23
       Evoke Invisibilit |       |       |       |    12 |    19 ||    31
Evoke: Wand              |       |       |       |     1 |     5 ||     6
       Rod               |       |       |       |     1 |     2 ||     3
  Use: Scroll            |       |       |    16 |    19 |     9 ||    44
       Potion            |       |       |     5 |     3 |     8 ||    16
 Stab: Sleeping          |     2 |    11 |    19 |    45 |    47 ||   124
       Confused          |     1 |       |       |     8 |    21 ||    30
       Distracted        |       |       |     5 |     9 |    22 ||    36
       Invisible         |       |       |       |    75 |    88 ||   163
  Eat: Chunk             |     3 |     4 |    10 |       |       ||    17
       Meat ration       |       |     1 |     2 |     5 |     1 ||     9
       Pizza             |       |       |       |     3 |     2 ||     5
       Beef jerky        |       |       |       |     4 |     4 ||     8
       Royal jelly       |       |       |       |     1 |       ||     1
       Fruit             |       |       |       |    10 |    25 ||    35
       Bread ration      |       |       |       |     2 |     6 ||     8
